[Event "*** Titled Tuesday Blitz"]
[Site "Chess.com"]
[Date "2020.02.04"]
[Round "2"]
[White "lolo9292"]
[Black "saraswathii"]
[Result "0-1"]
[WhiteElo "2442"]
[BlackElo "2188"]
[TimeControl "180+2"]
[EndTime "13:24:11 PST"]
[Termination "saraswathii won by checkmate"]

1. d4 Nf6 2. Bf4 g6 3. Nc3 d6 4. e4 Bg7 5. Qe2 O-O 6. O-O-O Nfd7 7. e5 Nc6 8. Nf3 e6 9. h4 dxe5 10. dxe5 h5 11. g3 Qe7 12. Bg2 Nb6 13. Ne4 Nd5 14.
a3 f6 15. exf6 Nxf6 16. Nfg5 e5 17. Nxf6+ Bxf6 18. Bd5+ Kg7 19. Be3 Bf5 20. Ne4 Nd4 21.
Bxd4 exd4 22. Rhe1 Rfe8 23. Bxb7 Rab8 24. Bc6 d3 25.
Qxd3 Bxb2+ 26. Kd2 Red8 27. Bd5 c6 28. Nc3 Qf6 29.
Ne4 Bxe4 30. Qxe4 Qxf2+ 31. Re2 Rxd5+ 32. Qxd5 Qxe2+ 33. Kxe2 cxd5 34. Rxd5 Rb7 35. a4 Kf6 36. Rd6+ Kf7 37. Kd3 Be5 38. Rc6 Bxg3 39. c4 Bxh4 40. c5 Be7 41. Kc4 h4 42. Rc8 Rb1 43. c6 g5 44. c7 Ke6 45. a5 Kd7 46. Re8 Rc1+ 47. Kd5 Kxe8 48. c8=N Rxc8 49. a6 h3 50. Ke6 h2 51.
Kf5 h1=Q 52. Kg6 Rc6+ 53. Kg7 Qh6+ 54. Kg8 Rg6# 0-1

[Event "*** Titled Tuesday Blitz"]
[Site "Chess.com"]
[Date "2020.02.04"]
[Round "2"]
[White "cottage_cheese"]
[Black "karinachess1"]
[Result "0-1"]
[WhiteElo "2233"]
[BlackElo "2496"]
[TimeControl "180+2"]
[EndTime "13:24:16 PST"]
[Termination "karinachess1 won on time"]

1. e4 c5 2. Nf3 e6 3. c3 d5 4. exd5 exd5 5. d4 Nc6 6. Bb5 Bd6 7. O-O Ne7 8. dxc5 Bxc5 9. Nbd2 O-O 10. Nb3 Bb6 11.
Re1 Nf5 12. Bf4 Bxf2+ 13. Kxf2 Qb6+ 14. Nbd4 Nfxd4 15. Nxd4 Nxd4 16. Qxd4 Qxb5 17. Bd6 Rd8 18. Bc7 Re8 19. Rxe8+ Qxe8 20. Qxd5 Be6 21. Qxb7 Rc8 22.
Bf4 Qa4 23. Qf3 Qc2+ 24. Qe2 Qf5 25. Qf3 Bd5 26. Qe3 g5 27. Kg1 Qxf4 28. Qxa7 Re8 29. Rf1 Qe4 30. Qf2 Re6 0-1

[Event "*** Titled Tuesday Blitz"]
[Site "Chess.com"]
[Date "2020.02.04"]
[Round "2"]
[White "Kobalia"]
[Black "goldenspine"]
[Result "1-0"]
[WhiteElo "2616"]
[BlackElo "2351"]
[TimeControl "180+2"]
[EndTime "13:24:17 PST"]
[Termination "Kobalia won by resignation"]

1. e4 c6 2. d4 d5 3. exd5 cxd5 4. Bd3 Nc6 5. c3 Qc7 6. Ne2 Bg4 7. O-O Nf6 8. Bg5 e6 9. Qe1 Bd6 10. f3 Bxh2+ 11. Kh1 h5 12. Qh4 Bd6 13. Bxf6 gxf6 14. fxg4 O-O-O 15. g5 fxg5 16. Qxg5 h4 17. Nd2 Rdg8 18.
Qf6 h3 19. g3 Nd8 20. Rf3 e5 21. dxe5 Bxe5 22. Qf5+ Kb8 23. Nf1 Rh6 24. Re3 Nc6 25. Nf4 d4 26. cxd4 Bxd4 27. Rf3 Ne5 28. Be4 Nxf3 29.
Bxf3 Rf6 30. Qe4 Bf2 31. Nd5 Qd6 32. Nxf6 1-0

[Event "*** Titled Tuesday Blitz"]
[Site "Chess.com"]
[Date "2020.02.04"]
[Round "2"]
[White "Storne89"]
[Black "Firouzja2003"]
[Result "0-1"]
[WhiteElo "2641"]
[BlackElo "3156"]
[TimeControl "180+2"]
[EndTime "13:24:20 PST"]
[Termination "Firouzja2003 won by resignation"]

1. e4 e5 2. Nf3 Nc6 3. Bc4 Bc5 4. d3 Nf6 5. a4 O-O 6. O-O d6 7. c3 a5 8. Bg5 h6 9. Bh4 g5 10. Bg3 Bb6 11. Na3 Nh7 12. Nc2 h5 13. h3 h4 14. Bh2 g4 15. hxg4 Bxg4 16. Ne3 Bh5 17. Nf5 h3 18. Qd2 Qf6 19. N3h4 hxg2 20. Kxg2 Kh8 21. f4 Rg8+ 22. Kh1 Rg4 23. fxe5 Nxe5 24. Bxe5 dxe5 25. Qh2 Rag8 26. Nf3 R4g5 27. Nxe5 c6 28. Nf3 Bxf3+ 29. Rxf3 Rg1+ 30. Rxg1 Rxg1+ 31. Qxg1 Bxg1 32. Kxg1 Qg5+ 33. Kh2 Qd2+ 34. Kg1 Qxb2 35. Nd6 Ng5 36. Rg3 Qc1+ 37. Kg2 Qf4 38. Rxg5 Qxg5+ 0-1

[Event "*** Titled Tuesday Blitz"]
[Site "Chess.com"]
[Date "2020.02.04"]
[Round "2"]
[White "TheBigBoss04"]
[Black "Megagigahiper3345"]
[Result "1-0"]
[WhiteElo "2682"]
[BlackElo "2322"]
[TimeControl "180+2"]
[EndTime "13:24:20 PST"]
[Termination "TheBigBoss04 won by resignation"]

1. d4 d5 2. Nf3 Nf6 3. Bf4 c5 4. e3 e6 5. Nbd2 Bd6 6. Bg3 O-O 7.
c3 Nc6 8. Bd3 Qc7 9. dxc5 Bxg3 10. hxg3 h6 11. e4 Ne7 12. exd5 Nexd5 13. Ne4 Nxe4 14. Bxe4 Qxc5 15. Bxd5 exd5 16. O-O Bg4 17. Qd4 Qxd4 18. Nxd4 Rfe8 19. f3 Bd7 20. Rad1 Kf8 21. Kf2 Ke7 22. Rd2 Rad8 23. Rfd1 Bc6 24. Nf5+ Kf6 25.
Ne3 Ke5 26. Nxd5 Rxd5 27. Rxd5+ Kf6 28. Rd8 Re7 29. R1d6+ Kg5 30. g4 f6 31. Rd2 Rc7 32. Kg3 Kg6 33. f4 Be4 34. f5+ Kh7 35. Re8 Bc6 36. Rf8 g6 37. Rdd8 gxf5 38. gxf5 Kg7 39. Rg8+ Kf7 40. Rdf8+ Ke7 41. Rg7+ Kxf8 42. Rxc7 a6 43. Kh4 Bxg2 44. Kh5 Be4 45. Kg6 h5 46. Kxf6 Ke8 47. Re7+ 1-0

[Event "*** Titled Tuesday Blitz"]
[Site "Chess.com"]
[Date "2020.02.04"]
[Round "2"]
[White "hansen"]
[Black "djano"]
[Result "1-0"]
[WhiteElo "2886"]
[BlackElo "2392"]
[TimeControl "180+2"]
[EndTime "13:24:21 PST"]
[Termination "hansen won by resignation"]

1. e4 c5 2. Nf3 Nc6 3. Bb5 g6 4.
Bxc6 bxc6 5. O-O Bg7 6. Re1 Nh6 7. c3 O-O 8. d4 cxd4 9. cxd4 d6 10. h3 f6 11. Nc3 Nf7 12. Be3 Rb8 13. b3 a5 14. Rc1 Bb7 15. Nd2 e5 16. f4 exd4 17. Bxd4 c5 18. Bf2 f5 19. exf5 gxf5 20. Qh5 Qf6 21.
Nc4 Ra8 22. Nb6 Rae8 23. Nbd5 Qd8 24. Bh4 Rxe1+ 25. Rxe1 Qa8 26. Ne7+ Kh8 27. Ng6+ Kg8 28. Nxf8 Qxf8 29. Re7 Bc6 30. Ne2 c4 31. bxc4 d5 32.
cxd5 Bxd5 33. Qxf5 Qa8 34. Bf6 Bf8 35. Qg4+ 1-0

[Event "*** Titled Tuesday Blitz"]
[Site "Chess.com"]
[Date "2020.02.04"]
[Round "2"]
[White "TheRigos"]
[Black "Zkid"]
[Result "0-1"]
[WhiteElo "2559"]
[BlackElo "2832"]
[TimeControl "180+2"]
[EndTime "13:24:22 PST"]
[Termination "Zkid won by resignation"]

1. e4 e6 2. d4 d5 3. Nd2 c5 4. Ngf3 cxd4 5. Nxd4 Nf6 6. e5 Nfd7 7. N2f3 Nc6 8. Bf4 Qb6 9. Nb3 Qb4+ 10. Qd2 Qe4+ 11.
Be2 Ndxe5 12. O-O Nc4 13. Qc1 Bd6 14. Bg3 Bxg3 15. hxg3 Nb4 16. Nbd4 O-O 17. Re1 Qg4 18. c3 Nc6 19. Ne5 N6xe5 20. Bxg4 Nxg4 21. Qg5 Nf6 22. Nf3 Nxb2 23. Ne5 Ne4 24. Qe3 f6 25. Nf3 Nc4 26.
Qd4 b6 27. Nh4 Ned6 28. a4 a5 29. Rab1 Rb8 30. Qf4 Bd7 31. Qd2 Nxd2 0-1

[Event "*** Titled Tuesday Blitz"]
[Site "Chess.com"]
[Date "2020.02.04"]
[Round "2"]
[White "Dhaydon19"]
[Black "Irishchessman16"]
[Result "1-0"]
[WhiteElo "2671"]
[BlackElo "2257"]
[TimeControl "180+2"]
[EndTime "13:24:25 PST"]
[Termination "Dhaydon19 won by resignation"]

1. d4 Nf6 2. Nf3 e6 3. g3 d5 4. Bg2 b5 5. O-O Nbd7 6. a4 b4 7. c4 bxc3 8. Nxc3 Bb4 9. Ne5 Bb7 10. Bg5 Be7 11. Rc1 c6 12. e4 O-O 13. exd5 cxd5 14.
Nxd7 Qxd7 15. Re1 Rfc8 16. Bf1 Bc6 17. Ba6 Bb7 18. Bb5 Bc6 19. Qd3 Bxb5 20. axb5 Rab8 21.
Ra1 Bb4 22. Bxf6 gxf6 23. Reb1 Rc7 24. Ra6 Rbc8 25. Ne2 Rb7 26. Rba1 Qxb5 27. Qf3 f5 28. Nf4 Be7 29. Rxa7 Qxb2 30. Nh5 Rxa7 31. Rxa7 Rc1+ 32.
Kg2 Qb5 33. Ra8+ Bf8 34. Rxf8+ Kxf8 35. Qa3+ Ke8 36. Qxc1 Qd3 37. Qe3 Qd1 38. Nf6+ Kd8 39. Nxh7 Qh5 40. Qg5+ Qxg5 41. Nxg5 1-0

[Event "*** Titled Tuesday Blitz"]
[Site "Chess.com"]
[Date "2020.02.04"]
[Round "2"]
[White "vellottiwizard"]
[Black "PotapovaM"]
[Result "1-0"]
[WhiteElo "2763"]
[BlackElo "2518"]
[TimeControl "180+2"]
[EndTime "13:24:27 PST"]
[Termination "vellottiwizard won by resignation"]

1. e4 c5 2. Nf3 d6 3. d4 cxd4 4. Nxd4 Nf6 5. Nc3 a6 6. Be3 e5 7. Nb3 Be6 8. f4 exf4 9. Bxf4 Nc6 10. Qe2 Nd7 11. h3 Nce5 12. O-O-O Be7 13. g4 Rc8 14. Qe3 O-O 15. g5 Qb6 16. Qg3 a5 17. Be3 Qd8 18. Nd4 Rxc3 19. bxc3 Bxa2 20. h4 Nc5 21. Qg2 Na4 22. Qd2 d5 23. Nb5 Qd7 24. Qd4 Nc4 25. Bxc4 Bxc4 26. Qxc4 Nxc3 27. Nxc3 Ba3+ 28.
Kb1 Rc8 29. Rxd5 Qe8 30. Qb3 Bf8 31. Rhd1 a4 32. Nxa4 Ra8 33. Bc5 Bxc5 34. Nxc5 g6 35. Nxb7 Kg7 36. Qb2+ Kg8 37. Rd8 1-0

[Event "*** Titled Tuesday Blitz"]
[Site "Chess.com"]
[Date "2020.02.04"]
[Round "2"]
[White "kacprekt"]
[Black "Gabrielian_Artur"]
[Result "1-0"]
[WhiteElo "2396"]
[BlackElo "2764"]
[TimeControl "180+2"]
[EndTime "13:24:28 PST"]
[Termination "kacprekt won by resignation"]

1. d4 Nf6 2. c4 c5 3. d5 e6 4. Nc3 exd5 5. cxd5 d6 6. e4 g6 7. Be2 Bg7 8. Be3 O-O 9. Nf3 a6 10. a4 Re8 11. Nd2 Nbd7 12. O-O Rb8 13. a5 h5 14. f4 b5 15. axb6 Nxb6 16. Bf2 Ng4 17. Bxg4 hxg4 18. Qc2 Qf6 19. Rae1 Nd7 20. e5 dxe5 21.
Nde4 Qb6 22. Na4 Qb4 23. Nd6 Rf8 24. fxe5 Bxe5 25. Re4 Qb3 26. Qxb3 Rxb3 27. Nxc8 Rxc8 28. Nxc5 Nxc5 29. Rxe5 Nd3 30. Re3 Nc1 31. Re7 Rxb2 32. d6 Ne2+ 33. Kh1 Rd2 34. d7 Rf8 35. Bc5 Nf4 36.
Re8 Ne6 37. Bxf8 Rxd7 38. Be7+ Kg7 39. Bf6+ 1-0

[Event "*** Titled Tuesday Blitz"]
[Site "Chess.com"]
[Date "2020.02.04"]
[Round "2"]
[White "Raspadsistema"]
[Black "Supernotar"]
[Result "1-0"]
[WhiteElo "2809"]
[BlackElo "2546"]
[TimeControl "180+2"]
[EndTime "13:24:31 PST"]
[Termination "Raspadsistema won by checkmate"]

1. e4 c6 2. d4 d5 3. e5 Bf5 4. h4 h5 5. c4 e6 6. Nc3 Ne7 7. Nge2 Nd7 8. Ng3 Bg6 9. Bg5 Qb6 10. Rc1 dxc4 11. Bxc4 Nd5 12. Bxd5 cxd5 13. O-O f6 14. exf6 gxf6 15. Be3 Bd6 16. Qf3 Kf7 17. Nce2 Rag8 18.
Bf4 Rg7 19. Bxd6 Qxd6 20. Nf4 Rhg8 21. Rfe1 Nf8 22. Rc3 Be4 23. Nxe4 dxe4 24. Rxe4 Rg4 25. g3 f5 26. Re5 Qxd4 27. Qxb7+ Kf6 28. Nxh5+ Kxe5 29. Qc7+ Qd6 30. f4+ Rxf4 31. Rc5+ Ke4 32. Qxd6 Rf3 33.
Qe5+ Kd3 34. Rc3+ Kd2 35. Rxf3 Nd7 36. Qc3+ Kd1 37. Rf1+ Ke2 38. Nf4# 1-0

[Event "*** Titled Tuesday Blitz"]
[Site "Chess.com"]
[Date "2020.02.04"]
[Round "2"]
[White "bsnsun"]
[Black "Borsuk_Konstantin"]
[Result "1-0"]
[WhiteElo "2369"]
[BlackElo "2523"]
[TimeControl "180+2"]
[EndTime "13:24:32 PST"]
[Termination "bsnsun won by resignation"]

1. Nf3 Nf6 2. c4 e6 3. d4 b6 4. g3 Bb7 5. Bg2 Be7 6. O-O O-O 7. d5 Na6 8. Nc3 Bb4 9. Qc2 d6 10. a3 Bxc3 11. Qxc3 exd5 12. Nh4 Ne4 13. Qc2 Re8 14. cxd5 Bxd5 15. b4 Nb8 16. Bb2 f6 17. Rac1 c6 18.
Rfd1 b5 19. f3 Ng5 20. e4 Bc4 21. f4 Nf7 22. Nf5 Qc7 23. Qd2 Rd8 24. Qd4 c5 25.
bxc5 dxc5 26. Qc3 Rxd1+ 27. Rxd1 Nd7 28. e5 Re8 29. exf6 gxf6 30. h3 Re6 31. Re1 Qb6 32. Rd1 Qc7 33. Kh2 a5 34. a4 h6 35. axb5 Bxb5 36.
Bd5 Ra6 37. Nxh6+ Kg7 38. Nxf7 a4 39. Ng5 Nf8 40. Ne6+ 1-0

[Event "*** Titled Tuesday Blitz"]
[Site "Chess.com"]
[Date "2020.02.04"]
[Round "2"]
[White "ChessBitl"]
[Black "Poghosyan_Suren"]
[Result "0-1"]
[WhiteElo "2374"]
[BlackElo "2665"]
[TimeControl "180+2"]
[EndTime "13:24:33 PST"]
[Termination "Poghosyan_Suren won by resignation"]

1. e4 e6 2. d4 d5 3. Nd2 Nc6 4. c3 e5 5. exd5 Qxd5 6. Ngf3 exd4 7. cxd4 Nxd4 8. Nxd4 Qxd4 9. Be2 Nf6 10. O-O Bd6 11. Qc2 O-O 12. Nf3 Qc5 13. Qb3 Qh5 14. h3 Re8 15. Be3 Bxh3 16. gxh3 Qxh3 17. Rad1 Qg4+ 18. Kh1 Qh5+ 19. Kg2 Re4 20. Ng5 Rg4+ 21. Bxg4 Qxg4+ 22. Kh1 Qh5+ 23. Kg2 Ng4 24. Rh1 Nxe3+ 25. Qxe3 Qg4+ 26. Kf1 Qxd1+ 27. Kg2 Qg4+ 28. Kf1 Bf4 29. Qh3 Qxh3+ 30. Nxh3 Bh6 31. f4 Rd8 32. Ke2 g6 33.
Ke3 Bg7 34. b3 h6 35. Rc1 c5 36. Rc4 b5 37. Re4 Bd4+ 38. Kf3 c4 39. bxc4 bxc4 40.
Re7 c3 41. Rc7 Re8 42. f5 Re3+ 43. Kg2 g5 44. Ng1 Rg3+ 45. Kxg3 Be5+ 46. Kf3 Bxc7 47. Ne2 c2 48. Ke3 Bf4+ 0-1

[Event "*** Titled Tuesday Blitz"]
[Site "Chess.com"]
[Date "2020.02.04"]
[Round "2"]
[White "bascheyaro"]
[Black "Alopekos"]
[Result "0-1"]
[WhiteElo "2812"]
[BlackElo "2477"]
[TimeControl "180+2"]
[EndTime "13:24:34 PST"]
[Termination "Alopekos won by resignation"]

1. d4 Nf6 2. c4 e6 3. Nf3 d5 4.
Nc3 c5 5. Bg5 cxd4 6. Nxd4 dxc4 7. e4 Bc5 8. Ndb5 Qb6 9. Qc2 Ng4 10. Bh4 Ne5 11. Bg3 Nbc6 12. Na3 Nb4 13. Qd2 Nbd3+ 14.
Bxd3 Nxd3+ 15. Ke2 Bxa3 16. bxa3 Bd7 17. Rab1 Qa6 18.
h4 O-O 19. h5 h6 20. Rh4 Bc6 21. Rg4 f5 22. exf5 exf5 23. Rg6 f4 24. Bh4 Rae8+ 25. Kf1 Qa5 26. g4 fxg3 27. Rxg3 Rxf2+ 28. Qxf2 Nxf2 29. Bf6 Ng4 30. Bxg7 Qf5+ 0-1

[Event "*** Titled Tuesday Blitz"]
[Site "Chess.com"]
[Date "2020.02.04"]
[Round "2"]
[White "MathiasWomacka"]
[Black "Alexander_Moskalenko"]
[Result "1-0"]
[WhiteElo "2407"]
[BlackElo "2829"]
[TimeControl "180+2"]
[EndTime "13:24:34 PST"]
[Termination "MathiasWomacka won by resignation"]

1. e4 e5 2. Nf3 Nc6 3. Bc4 Bc5 4.
O-O Nf6 5. d3 O-O 6. h3 d6 7. c3 a5 8. Bb3 h6 9. Nbd2 Ba7 10.
Re1 Re8 11. Nf1 Ne7 12. Ng3 Ng6 13. d4 c6 14. Be3 Qc7 15. Qd2 exd4 16. Bxd4 Bxd4 17.
Nxd4 a4 18. Bc2 Ne5 19. Rad1 Nc4 20. Qc1 Ra5 21. Ndf5 Bxf5 22. Nxf5 d5 23. exd5 Rxd5 24. Rxe8+ Nxe8 25. Rxd5 cxd5 26. Bxa4 Nf6 27. Bb3 Qe5 28. Ne3 b5 29. a4 Qf4 30. axb5 Ne4 31. Qe1 Nxb2 32.
Nxd5 Qe5 33. f3 Qb8 34. Qxe4 Qxb5 35. Bc2 g6 36. h4 Nc4 37. Bd3 Qc5+ 38. Qd4 1-0

[Event "*** Titled Tuesday Blitz"]
[Site "Chess.com"]
[Date "2020.02.04"]
[Round "2"]
[White "CaptainCasanova"]
[Black "IakovUlivar"]
[Result "1-0"]
[WhiteElo "2714"]
[BlackElo "2439"]
[TimeControl "180+2"]
[EndTime "13:24:36 PST"]
[Termination "CaptainCasanova won by resignation"]

1. e4 e5 2. Nf3 Nc6 3. Bc4 Bc5 4.
O-O Nf6 5. d4 Bxd4 6. Nxd4 Nxd4 7. f4 d6 8. fxe5 dxe5 9. Bg5 Be6 10. Na3 Qe7 11. c3 Nc6 12. Kh1 Rg8 13. Qb3 O-O-O 14.
Bxe6+ fxe6 15. Qa4 Rgf8 16. b4 h6 17. Be3 a6 18. b5 Nb8 19. bxa6 Nxa6 20. Rab1 Qd7 21. Nb5 Kb8 22. Qb3 Ka8 23. Nd4 Rb8 24. Nxe6 Rfe8 25.
Nc5 Nxc5 26. Bxc5 b6 27. Be3 Kb7 28. c4 Red8 29. c5 Qd3 30. Qf7 Qxe3 31. Rxb6+ Kc8 32. Qe6+ Nd7 33. Rc6 Qd3 34. Rg1 Rb1 35. h3 Rxg1+ 36. Kxg1 Qd4+ 37. Kh2 Kb7 38. Ra6 Nxc5 39. Qc6+ 1-0

[Event "*** Titled Tuesday Blitz"]
[Site "Chess.com"]
[Date "2020.02.04"]
[Round "2"]
[White "lelya96"]
[Black "DonBroca"]
[Result "1-0"]
[WhiteElo "2463"]
[BlackElo "2169"]
[TimeControl "180+2"]
[EndTime "13:24:39 PST"]
[Termination "lelya96 won by resignation"]

1. e4 c5 2. Nf3 d6 3. d4 cxd4 4. Nxd4 Nf6 5. Nc3 g6 6. Bc4 Bg7 7. Be3 Nc6 8. f3 O-O 9. Qd2 Bd7 10.
O-O-O Rc8 11. Bb3 Ne5 12. h4 h5 13. Kb1 Nc4 14. Bxc4 Rxc4 15. Nce2 b5 16. Bg5 Qb8 17.
Nb3 Rfc8 18. Rc1 Qb6 19. e5 dxe5 20. Bxf6 Bf5 21. Bxg7 Rxc2 22. Rxc2 Rxc2 23. Qh6 Rxe2+ 24. Ka1 f6 25. Qh8+ Kf7 26. Qf8+ Ke6 27. Qg8+ Kd7 28. Rd1+ Kc7 29. Qd8+ Kb7 30. Qxe7+ Ka6 31. Nc5+ Ka5 32. Nd7 Qd4 33. Qd8+ Ka4 34. Rxd4+ exd4 35. b3+ Kb4 36. Qf8+ Kc3 37. Qc5+ Kd2 38. Qxd4+ Ke1 39. Bh6 Kf1 40. Nxf6 Re1+ 41. Kb2 Rd1 42. Qxd1+ Kxg2 1-0

[Event "*** Titled Tuesday Blitz"]
[Site "Chess.com"]
[Date "2020.02.04"]
[Round "2"]
[White "TristanCalistri"]
[Black "Roman_Ovetchkin"]
[Result "0-1"]
[WhiteElo "2256"]
[BlackElo "2670"]
[TimeControl "180+2"]
[EndTime "13:24:41 PST"]
[Termination "Roman_Ovetchkin won by resignation"]

1. e4 c6 2. Nf3 d5 3. Nc3 Nf6 4. e5 Ne4 5. Ne2 Qb6 6. d4 e6 7.
Ng3 c5 8. Bd3 Nxg3 9. fxg3 cxd4 10. O-O Nc6 11. a3 Be7 12. b4 a6 13. Bf4 Bd7 14.
Qe2 O-O 15. g4 f6 16. g5 f5 17. Qf2 Rac8 18. g6 hxg6 19. Qg3 Kf7 20. Nh4 Bxh4 21. Qxh4 Rh8 22. Qg3 Nd8 23. Bg5 Bb5 24. h4 Bxd3 25. cxd3 Rc3 26. Bxd8 Rxd8 27. h5 gxh5 28. Qg5 Rh8 29.
Rxf5+ exf5 30. Qxf5+ Kg8 31. Rf1 Rh6 32. Qf7+ Kh7 33.
Rf6 Rxf6 34. exf6 Qxf6 35. Qxh5+ Qh6 36. Qf5+ Qg6 37. Qh3+ Kg8 38. Qe6+ Qxe6 0-1

[Event "*** Titled Tuesday Blitz"]
[Site "Chess.com"]
[Date "2020.02.04"]
[Round "2"]
[White "Leonid_Starozhilov"]
[Black "killer311"]
[Result "1-0"]
[WhiteElo "2672"]
[BlackElo "2260"]
[TimeControl "180+2"]
[EndTime "13:24:44 PST"]
[Termination "Leonid_Starozhilov won by resignation"]

1. e4 c5 2. Nf3 Nc6 3. Bb5 g6 4. O-O Bg7 5. Nc3 Nd4 6. a4 Nxb5 7. axb5 e6 8. d4 cxd4 9. Nxd4 Ne7 10. Be3 O-O 11. Nb3 d5 12. exd5 Nxd5 13. Nxd5 exd5 14. Bd4 b6 15. Bxg7 Kxg7 16. Nd4 Bb7 17. Qd2 Qf6 18. c3 a6 19. bxa6 Bxa6 20. Rfe1 Bb7 21. h3 Rfe8 22.
Rxa8 Rxa8 23. f3 h5 24. Qe3 Ra2 25. Qe7 Qxe7 26. Rxe7 Ba6 27. Ra7 Bc4 28. Rxa2 Bxa2 29. h4 Kf6 30. Kf2 Ke5 31. Ke3 f6 32. Nc6+ Kd6 33.
Nd4 Bc4 34. g4 Ke5 35. f4+ Kd6 36. f5 gxf5 37. gxh5 Ke7 38. Kf4 Bd3 39. Nxf5+ Kf7 40. Ne3 Be4 41. c4 Kg7 42. Nxd5 Kh6 43. Kxe4 Kxh5 44.
Nxb6 Kxh4 45. Kf5 1-0

[Event "*** Titled Tuesday Blitz"]
[Site "Chess.com"]
[Date "2020.02.04"]
[Round "2"]
[White "ilya261991"]
[Black "MFBerna"]
[Result "0-1"]
[WhiteElo "2544"]
[BlackElo "2348"]
[TimeControl "180+2"]
[EndTime "13:24:49 PST"]
[Termination "MFBerna won by resignation"]

1. d4 Nf6 2. c4 e6 3. Nc3 d5 4. cxd5 exd5 5. Bg5 c6 6. Qc2 Be7 7. e3 Nbd7 8. Bd3 O-O 9. Nf3 Re8 10. O-O Nf8 11.
Ne5 Ng4 12. Bxe7 Qxe7 13. Nxg4 Bxg4 14. h3 Bh5 15. Rab1 a5 16. a3 Bg6 17. Bxg6 Nxg6 18. b4 axb4 19. axb4 Nh4 20. Ne2 Qg5 21. Ng3 Re6 22.
b5 Rae8 23. bxc6 bxc6 24. Rb7 h5 25. Ra1 Rg6 26. Kf1 Nxg2 27. Qf5 Nxe3+ 28. fxe3 Rf6 29. Qxf6 Qxf6+ 30. Ke2 Qxd4 31. Ra3 Qh4 32. Nf5 Qxh3 33. Ne7+ Kh7 34. Raa7 Qg2+ 35. Kd3 h4 36. Rd7 h3 37. Nxc6 h2 0-1

[Event "*** Titled Tuesday Blitz"]
[Site "Chess.com"]
[Date "2020.02.04"]
[Round "2"]
[White "Region_07"]
[Black "Eloist"]
[Result "1-0"]
[WhiteElo "2486"]
[BlackElo "2246"]
[TimeControl "180+2"]
[EndTime "13:24:49 PST"]
[Termination "Region_07 won by resignation"]

1. d4 e6 2. Nf3 Nf6 3. Bg5 c5 4. e3 Be7 5. Be2 b6 6. O-O Bb7 7. c4 O-O 8. Nc3 Ne4 9. Bxe7 Qxe7 10. Nxe4 Bxe4 11. Nd2 Bb7 12. Bf3 Nc6 13. dxc5 bxc5 14. Qa4 Rab8 15. Rfd1 Ne5 16. Bxb7 Rxb7 17. Nb3 Rb4 18.
Qxa7 Rxc4 19. Rac1 Rxc1 20. Rxc1 c4 21. Nd4 Qb4 22.
b3 Qd2 23. Rf1 c3 24. Qc7 f6 25. b4 c2 26. Nxc2 h5 27. b5 h4 28. h3 Qd3 29.
Nd4 Nc4 30. b6 Nxe3 31. fxe3 Qxe3+ 32. Kh1 Qxd4 33. b7 Qa7 34. Rb1 Rb8 35. a4 Kh7 36. a5 d5 37. Qb6 Qxb6 38. Rxb6 d4 39. a6 d3 40. Rd6 1-0

[Event "*** Titled Tuesday Blitz"]
[Site "Chess.com"]
[Date "2020.02.04"]
[Round "2"]
[White "SlavenPastar"]
[Black "gena217"]
[Result "0-1"]
[WhiteElo "2486"]
[BlackElo "2986"]
[TimeControl "180+2"]
[EndTime "13:24:52 PST"]
[Termination "gena217 won on time"]

1. d4 Nf6 2. c4 e6 3. Nc3 Bb4 4. e3 b6 5. Bd3 Bb7 6. f3 c5 7. Ne2 O-O 8. Bd2 d5 9. cxd5 exd5 10. Rc1 Re8 11. O-O Ba6 12. Bxa6 Nxa6 13. a3 Ba5 14.
Qa4 h6 15. Ng3 c4 16. Rfe1 Nc7 17. Nb1 Bxd2 18. Nxd2 a5 19. Qc2 b5 20. b3 Ne6 21. a4 cxb3 22. Qxb3 b4 23. Qd3 Rc8 24. Nb3 Qb6 25. Ne2 g6 26. Qd2 Rc4 27. e4 Rxc1 28. Nexc1 Rc8 29. e5 Nd7 30. Re3 Rc4 31. Ne2 Kg7 32. Kf2 Qc7 33. g3 Rc2 34. Qd3 Qc4 35. Nxa5 Qa2 36. Nc6 Rxc6 37. Qb5 Qc4 38. Qb7 Rc7 39.
Qa8 Nxd4 40. Qd8 Ne6 41. Qe7 Qc5 0-1

[Event "*** Titled Tuesday Blitz"]
[Site "Chess.com"]
[Date "2020.02.04"]
[Round "2"]
[White "PaulfromSPb"]
[Black "Sibelephant"]
[Result "0-1"]
[WhiteElo "2636"]
[BlackElo "3065"]
[TimeControl "180+2"]
[EndTime "13:24:53 PST"]
[Termination "Sibelephant won by checkmate"]

1. d4 Nf6 2. Bf4 g6 3. e3 Bg7 4.
Nd2 O-O 5. h3 c5 6. c3 b6 7.
Ngf3 Bb7 8. Be2 d6 9. O-O Nbd7 10.
a4 a6 11. Bh2 cxd4 12. exd4 Qc7 13. Re1 Rfe8 14. Bf1 Bh6 15. Nc4 Nd5 16. Qb3 Rab8 17.
Ne3 Nxe3 18. fxe3 Bxf3 19. gxf3 Qb7 20. Bg2 Nf6 21. Bg3 Qc8 22. Bf1 Qf5 23. Qd1 e5 24.
Bf2 exd4 25. cxd4 d5 26. Ra3 b5 27. axb5 axb5 28. Kg2 Re7 29. Bd3 Qg5+ 30. Kh2 Qh5 31. Rb3 b4 32. Kg2 Bf8 33. Bf1 Rc7 34. e4 dxe4 35.
fxe4 Qxd1 36. Rxd1 Nxe4 37. Be3 Bd6 38. Kf3 f5 39.
Rbd3 Rc2 40. Rb1 Re8 41. Rb3 f4 42. Bd3 Ng5+ 43. Kg4 Rg2+ 44. Kh4 Nf3# 0-1

[Event "*** Titled Tuesday Blitz"]
[Site "Chess.com"]
[Date "2020.02.04"]
[Round "2"]
[White "TheBigBadChessDad"]
[Black "Gogolev_Artemy"]
[Result "1-0"]
[WhiteElo "2326"]
[BlackElo "2501"]
[TimeControl "180+2"]
[EndTime "13:24:56 PST"]
[Termination "TheBigBadChessDad won by resignation"]

1. d4 Nf6 2. Nf3 g6 3. Bg5 Bg7 4. Nbd2 O-O 5. c3 d5 6. e3 c5 7. Be2 Nbd7 8. h3 Re8 9. Bf4 b6 10. O-O Bb7 11. a4 Nh5 12. Bh2 e5 13. dxe5 Nxe5 14. Nxe5 Bxe5 15. Bxh5 gxh5 16. Qxh5 Bg7 17. Nf3 Qe7 18. a5 b5 19. a6 Bc6 20. Rad1 Rad8 21.
Bf4 Qe4 22. Ng5 Qg6 23. Qxg6 hxg6 24. Nf3 d4 25. cxd4 Bxf3 26. gxf3 cxd4 27. exd4 Bxd4 28.
Be3 Bxe3 29. fxe3 Rxd1 30. Rxd1 Rxe3 31. Rd7 Rxf3 32. Rxa7 Rb3 33. Rb7 Rxb2 34. a7 Rb1+ 35. Kf2 Ra1 36. Ke3 Kg7 37. Kd4 g5 38. Kc5 Kg6 39.
Kxb5 f5 40. Rb6+ Kh5 41. Ra6 Rb1+ 42. Kc4 Rc1+ 43. Kd3 Rc8 44. a8=Q Rxa8 45. Rxa8 Kh4 46. Rh8+ Kg3 47. Ke2 f4 48. Kf1 1-0

[Event "*** Titled Tuesday Blitz"]
[Site "Chess.com"]
[Date "2020.02.04"]
[Round "2"]
[White "mbojan"]
[Black "Shukh_Nikolay"]
[Result "1-0"]
[WhiteElo "2762"]
[BlackElo "2526"]
[TimeControl "180+2"]
[EndTime "13:24:59 PST"]
[Termination "mbojan won by resignation"]

1. e4 e5 2. Nf3 Nc6 3. Bb5 a6 4. Ba4 Nf6 5. O-O Nxe4 6. d4 b5 7. Bb3 d5 8. dxe5 Be6 9. Nbd2 Nc5 10. c3 Be7 11. Bc2 Bg4 12. h3 Bh5 13. Re1 O-O 14. Nf1 b4 15. Ng3 Bg6 16. Nf5 bxc3 17.
bxc3 Bxf5 18. Bxf5 g6 19. Bc2 Re8 20. Be3 Ne6 21. Nd4 Ncxd4 22. cxd4 c5 23. Ba4 Rf8 24. dxc5 Qa5 25. Bb3 Rfd8 26. Qf3 d4 27. Bxe6 fxe6 28.
Bxd4 Bxc5 29. Bxc5 Qxc5 30. Qf6 Rf8 31. Qxe6+ Kg7 32.
Rf1 Rae8 33. Qxa6 Rxe5 34. Rac1 Qd4 35. Qc4 Qxc4 36. Rxc4 Re2 37. Rc7+ Kh6 38. Ra7 Rb8 39.
Rd1 Rbb2 40. Rf7 Rxa2 41. Rdd7 Kg5 42. Rd5+ Kh6 43. Rdd7 Kg5 44. g3 h5 45. f4+ 1-0

[Event "*** Titled Tuesday Blitz"]
[Site "Chess.com"]
[Date "2020.02.04"]
[Round "2"]
[White "TwentyHourADay"]
[Black "Tayson_7"]
[Result "0-1"]
[WhiteElo "2237"]
[BlackElo "2660"]
[TimeControl "180+2"]
[EndTime "13:24:59 PST"]
[Termination "Tayson_7 won on time"]

1. Nf3 Nf6 2. g3 g6 3. b3 Bg7 4. Bb2 O-O 5. Bg2 c5 6. c4 Nc6 7. O-O d6 8. d4 Bg4 9. d5 Na5 10. Nbd2 a6 11. Qc2 b5 12. e4 e5 13. dxe6 Bxe6 14. Rad1 Rb8 15. e5 Nd7 16. cxb5 dxe5 17. Ne4 axb5 18. Bxe5 Rc8 19. Bxg7 Kxg7 20. Qc3+ f6 21.
Rd6 Bf5 22. Rfd1 b4 23. Qd2 Rc7 24. Nh4 Rf7 25. Qd5 Nb7 26. Nxf5+ gxf5 27. Qxf5 Nxd6 28. Nxd6 Ne5 29. Rd5 Rfd7 30. Qe6 Kf8 31. Bh3 Nf3+ 32. Kg2 Nd4 33. Rxd4 cxd4 34. Nf5 Qa8+ 35. f3 Rc2+ 36. Kg1 Qc6 37. Qxc6 Rxc6 38. Nh6 Rdc7 0-1